[Event "*** SCC Grand Prix: Titled Tuesday Blitz"]
[Site "Chess.com"]
[Date "2020.08.25"]
[Round "6"]
[White "Tooweak2slow03"]
[Black "Noam_Vitenberg"]
[Result "1-0"]
[WhiteElo "2701"]
[BlackElo "2514"]
[TimeControl "180+1"]
[EndTime "11:07:34 PDT"]
[Termination "Tooweak2slow03 won by checkmate"]

1. e4 e5 2. Nf3 Nc6 3. Nc3 Nf6 4. a3 d5 5. Bb5 Nxe4 6. Qe2 Nxc3 7.
Qxe5+ Qe7 8. dxc3 f6 9. Qxe7+ Bxe7 10. Bf4 Bf5 11. Nd4 Bd7 12. O-O-O O-O-O 13. Nxc6 Bxc6 14. Bxc6 bxc6 15. Rhe1 Rhe8 16. Rd2 Bc5 17. Rde2 Kd7 18. Rxe8 Rxe8 19. Rxe8 Kxe8 20. Be3 Bxe3+ 21. fxe3 Ke7 22. Kd2 Ke6 23. Kd3 Ke5 24. b4 f5 25. g3 g5 26. a4 a6 27. h4 h6 28. a5 g4 29. h5 Ke6 30. c4 Kd6 31. Kd4 Ke6 32. b5 cxb5 33. cxb5 Kd7 34. Kxd5 axb5 35. Kc5 c6 36. a6 Kc7 37. a7 Kb7 38. a8=Q+ Kxa8 39. Kxc6 b4 40. Kb5 b3 41. cxb3 Kb7 42. Kc5 Kc7 43. Kd5 Kb6 44. Ke5 Kc5 45. Kxf5 Kd5 46. Kxg4 Ke4 47. b4 Kxe3 48. b5 Ke4 49. b6 Ke5 50. b7 Ke6 51. b8=Q Kf6 52. Qd6+ Kg7 53.
Kf5 Kh7 54. Qe7+ Kg8 55. Kg6 Kh8 56. Qe8# 1-0

[Event "*** SCC Grand Prix: Titled Tuesday Blitz"]
[Site "Chess.com"]
[Date "2020.08.25"]
[Round "6"]
[White "davidkalashian"]
[Black "GlennTipton"]
[Result "1-0"]
[WhiteElo "2608"]
[BlackElo "2432"]
[TimeControl "180+1"]
[EndTime "11:07:36 PDT"]
[Termination "davidkalashian won by resignation"]

1. e4 e5 2. Nf3 Nc6 3. d4 exd4 4.
Nxd4 Bc5 5. Nxc6 bxc6 6. Nd2 Qf6 7. Qf3 Ne7 8. Nb3 Bb6 9. c4 d6 10. Qxf6 gxf6 11. c5 Bxc5 12. Nxc5 dxc5 13. Be3 f5 14. exf5 Bxf5 15. Bxc5 Nd5 16. O-O-O a5 17. Bc4 O-O-O 18.
Rhe1 Be6 19. Rd3 Nb4 20. Bxe6+ fxe6 21. Rxd8+ Rxd8 22. Bxb4 axb4 23. Rxe6 Rf8 24. f3 Kd7 25. Rh6 Rf7 26. Kc2 Rg7 27. g3 Re7 28. Kd3 c5 29. f4 c6 30. b3 Kc7 31. f5 Kb6 32. f6 Ra7 33. g4 Kb5 34. g5 Rd7+ 35. Ke3 c4 36.
bxc4+ Kxc4 37. h4 c5 38. h5 Rf7 39. Rxh7 Rxh7 40. g6 Rxh5 41. f7 Rh3+ 42. Kf2 Rh2+ 43. Kg3 Rxa2 44. f8=Q b3 45. g7 1-0

[Event "*** SCC Grand Prix: Titled Tuesday Blitz"]
[Site "Chess.com"]
[Date "2020.08.25"]
[Round "6"]
[White "Shuvalov"]
[Black "cukin84"]
[Result "1-0"]
[WhiteElo "2403"]
[BlackElo "2057"]
[TimeControl "180+1"]
[EndTime "11:07:37 PDT"]
[Termination "Shuvalov won by resignation"]

1. Nf3 f5 2. d4 Nf6 3. g3 g6 4.
Bg2 Bg7 5. O-O d6 6. c3 O-O 7. Qb3+ Kh8 8. Ng5 d5 9. f3 c6 10. Nd2 h6 11. Nh3 Kh7 12. Nf2 Na6 13. e4 Nc7 14. e5 Nfe8 15. f4 e6 16. Nf3 a5 17.
a4 Na6 18. Be3 Qe7 19. Nd3 Rb8 20. Qb6 Qc7 21. Qxc7 Naxc7 22. b4 axb4 23. cxb4 Ra8 24. Rfc1 Bd7 25. Nc5 Bc8 26. Bf1 Rf7 27. a5 Bf8 28. Na4 Bxb4 29. Nb6 Rb8 30. Bd2 Be7 31. h4 Rg7 32. Kf2 g5 33. fxg5 h5 34. Ng1 Kg6 35. Ne2 Nb5 36. Nf4+ Kh7 37. Bxb5 cxb5 38. Rxc8 Rxc8 39.
Nxc8 Nc7 40. Rc1 Ba3 41. Rc2 b4 42. Ra2 Nb5 43. Ke3 Rc7 44. Nd6 Nxd6 45. exd6 Rc6 46. d7 Rd6 47. Nd3 Rxd7 48. Bxb4 Bxb4 49. Nxb4 Kg6 50.
Nd3 1-0

[Event "*** SCC Grand Prix: Titled Tuesday Blitz"]
[Site "Chess.com"]
[Date "2020.08.25"]
[Round "6"]
[White "aNaartjieZA"]
[Black "fabianvivasz"]
[Result "1-0"]
[WhiteElo "2467"]
[BlackElo "2310"]
[TimeControl "180+1"]
[EndTime "11:07:38 PDT"]
[Termination "aNaartjieZA won by resignation"]

1. e4 e5 2. Nf3 Nc6 3. Bc4 Nf6 4. d3 Bc5 5. O-O O-O 6. c3 d5 7. exd5 Nxd5 8. h3 Nb6 9. Bb5 Bd6 10. Re1 Qf6 11.
Nbd2 Qg6 12. Kh1 f5 13. Bxc6 bxc6 14. Nxe5 Bxe5 15. Rxe5 Nd5 16. Nf3 Ba6 17. d4 Rad8 18. Bd2 c5 19. Qb3 c4 20. Qa4 Bb7 21. Qxc4 Kh8 22.
Rae1 Qh5 23. Qe2 Nf6 24. Ng1 Qg6 25. Nf3 h6 26. Nh4 Qh5 27. Qxh5 Nxh5 28. Ng6+ Kh7 29. Nxf8+ Rxf8 30. Kg1 Kg6 31. Re6+ Nf6 32. Re7 Nd5 33. R1e6+ Kh7 34. Re8 Rxe8 35. Rxe8 Kg6 36. Rb8 Bc6 37. c4 Nb6 38. b3 Bd7 1-0

[Event "*** SCC Grand Prix: Titled Tuesday Blitz"]
[Site "Chess.com"]
[Date "2020.08.25"]
[Round "6"]
[White "CraiggoryC"]
[Black "Pikachess999"]
[Result "0-1"]
[WhiteElo "2135"]
[BlackElo "2388"]
[TimeControl "180+1"]
[EndTime "11:07:41 PDT"]
[Termination "Pikachess999 won on time"]

1. e4 e6 2. d4 d5 3. e5 c5 4. c3 Nc6 5. Nf3 Bd7 6. Be2 Nge7 7. O-O Nf5 8. dxc5 Bxc5 9. Bd3 O-O 10. Bxf5 exf5 11. Qxd5 Bb6 12. Na3 Be6 13. Qxd8 Raxd8 14. b3 h6 15. h4 Rd7 16. Bf4 Rfd8 17. Nb5 Bc5 18.
Rfe1 a6 19. Nd6 Nxe5 20. Nxe5 Rxd6 21. b4 Ba7 22. Nxf7 Kxf7 23. Bxd6 Rxd6 24. Rad1 Rc6 25.
Rd3 b5 26. a3 Bb8 27. g3 Bd6 28. Red1 Be7 29. Re3 Bf6 0-1

[Event "*** SCC Grand Prix: Titled Tuesday Blitz"]
[Site "Chess.com"]
[Date "2020.08.25"]
[Round "6"]
[White "Falia-p"]
[Black "milenapn"]
[Result "0-1"]
[WhiteElo "2263"]
[BlackElo "1983"]
[TimeControl "180+1"]
[EndTime "11:07:41 PDT"]
[Termination "milenapn won by checkmate"]

1. e4 e5 2. Nf3 Nc6 3. Bb5 a6 4. Ba4 Nf6 5. O-O Nxe4 6. d4 exd4 7.
Re1 d5 8. Nxd4 Bd6 9. Nxc6 Bxh2+ 10. Kf1 Qh4 11. Qf3 O-O 12. Nd4 Bg4 13. Qe3 Bf4 14.
Nf3 Qh1+ 15. Ke2 Qxg2 16. Rg1 Qxg1 17. Qxf4 Qxf2+ 18. Kd3 Bxf3 19. Be3 Qe2+ 20. Kd4 c5+ 21. Kxd5 Nc3+ 22. Kxc5 Nxa4+ 23. Kb4 Qb5+ 24. Ka3 Qxb2+ 25. Kxa4 Bc6+ 26. Ka5 Qb5# 0-1

[Event "*** SCC Grand Prix: Titled Tuesday Blitz"]
[Site "Chess.com"]
[Date "2020.08.25"]
[Round "6"]
[White "ChronicUnhappiness"]
[Black "Rhinos1"]
[Result "0-1"]
[WhiteElo "2360"]
[BlackElo "2237"]
[TimeControl "180+1"]
[EndTime "11:07:41 PDT"]
[Termination "Rhinos1 won by checkmate"]

1. d4 e6 2. c4 c5 3. d5 exd5 4. cxd5 d6 5. Nc3 Be7 6. Nf3 Nf6 7. e4 O-O 8. Be2 Nbd7 9. O-O Re8 10. Qc2 Nf8 11. h3 a6 12. a4 Ng6 13. Re1 Nh5 14. e5 dxe5 15. Nxe5 Nhf4 16. Bc4 Bd6 17. Nf3 Rxe1+ 18. Nxe1 Bxh3 19. Bxf4 Nxf4 20. gxh3 Nxh3+ 21. Kf1 Qh4 22. Ne4 Nf4 23. f3 Qh1+ 24. Kf2 Be5 25. Nd3 Bd4+ 26. Kg3 Qh3+ 27. Kxf4 Qh4+ 28. Kf5 g6# 0-1

[Event "*** SCC Grand Prix: Titled Tuesday Blitz"]
[Site "Chess.com"]
[Date "2020.08.25"]
[Round "6"]
[White "Gabrielian_Artur"]
[Black "SergeyKarjakin"]
[Result "0-1"]
[WhiteElo "2716"]
[BlackElo "2975"]
[TimeControl "180+1"]
[EndTime "11:07:42 PDT"]
[Termination "SergeyKarjakin won on time"]

1. e4 e5 2. Nc3 Nf6 3. g3 d5 4. exd5 Nxd5 5. Bg2 Nxc3 6. bxc3 Bd6 7. Nf3 O-O 8. O-O Nc6 9. Rb1 Re8 10. d3 h6 11.
Re1 Rb8 12. Nd2 Be6 13. a4 Qd7 14. Nb3 b6 15. d4 exd4 16. cxd4 Nb4 17. c3 Bf5 18.
Rxe8+ Rxe8 19. Rb2 Nd3 20. Re2 Rxe2 21. Qxe2 Qxa4 22.
Bd5 Bg6 23. Bd2 Qb5 24. Be4 Bxe4 25. Qxe4 Qxb3 26. Qxd3 a5 27. Qe4 a4 28. Qe8+ Kh7 29. Qe4+ g6 30. Qe3 Bf8 31. Qe8 Bg7 32. Kg2 a3 33. Qa8 a2 0-1

[Event "*** SCC Grand Prix: Titled Tuesday Blitz"]
[Site "Chess.com"]
[Date "2020.08.25"]
[Round "6"]
[White "Paladin61"]
[Black "Shield12"]
[Result "0-1"]
[WhiteElo "2676"]
[BlackElo "2861"]
[TimeControl "180+1"]
[EndTime "11:07:45 PDT"]
[Termination "Shield12 won on time"]

1. b3 g6 2. Bb2 Nf6 3. Bxf6 exf6 4. c4 d5 5. cxd5 Qxd5 6. Nc3 Qa5 7. a3 c5 8. g3 Bg7 9. Bg2 f5 10. b4 cxb4 11.
axb4 Qxb4 12. Nd5 Qd6 13. Nh3 O-O 14. e3 Nc6 15. d4 b6 16. O-O Bb7 17. Nhf4 Rad8 18.
Rc1 Nb4 19. Nxb4 Bxg2 20. Kxg2 Qxb4 21. Rc7 a5 22. Qc2 Qb5 23. Rb1 Qa6 24. Qc6 Rc8 25. Nd5 Rxc7 26. Nxc7 Qd3 27. Rxb6 h5 28. h4 f4 29.
gxf4 Qf5 30. Qf3 a4 31. Nd5 Qd3 32. f5 a3 33. f6 Bh8 34. Rb7 a2 35. Ra7 Qb1 36.
Ne7+ Kh7 0-1

[Event "*** SCC Grand Prix: Titled Tuesday Blitz"]
[Site "Chess.com"]
[Date "2020.08.25"]
[Round "6"]
[White "Taron_Shagbazyan"]
[Black "TigrVShlyape"]
[Result "0-1"]
[WhiteElo "2651"]
[BlackElo "2848"]
[TimeControl "180+1"]
[EndTime "11:07:46 PDT"]
[Termination "TigrVShlyape won by resignation"]

1. d4 Nf6 2. c4 e6 3. Nc3 Bb4 4. e3 O-O 5. Bd3 d5 6. Ne2 c5 7. cxd5 cxd4 8. exd4 Nxd5 9. O-O Nc6 10.
a3 Bd6 11. Nxd5 exd5 12. h3 Qf6 13. Be3 Bf5 14. Rc1 Rad8 15. Nc3 Bb8 16. Bxf5 Qxf5 17. Qg4 Qxg4 18. hxg4 f5 19. gxf5 Rxf5 20. Rfd1 h5 21. Na4 Na5 22. Nc5 b6 23. Nd3 Kf7 24. Rc2 Bd6 25. Bd2 Nc4 26. Bc3 Re8 27. a4 Rf6 28.
b3 Na5 29. Bxa5 bxa5 30. Ne5+ Bxe5 31. dxe5 Rxe5 32. Rc7+ Kg8 33. Rxa7 Re2 34. Rxd5 Rexf2 35. Rdxa5 h4 36. Rg5 Rf7 37. Rxg7+ Kxg7 0-1

[Event "*** SCC Grand Prix: Titled Tuesday Blitz"]
[Site "Chess.com"]
[Date "2020.08.25"]
[Round "6"]
[White "frequentblunders"]
[Black "Karina_Ivanova"]
[Result "0-1"]
[WhiteElo "2051"]
[BlackElo "2257"]
[TimeControl "180+1"]
[EndTime "11:07:46 PDT"]
[Termination "Karina_Ivanova won by resignation"]

1. e4 c6 2. Nc3 d5 3. d4 dxe4 4. Nxe4 Bf5 5. Ng3 Bg6 6. Nf3 Nd7 7. c4 e6 8. Bd3 Bb4+ 9. Kf1 Ngf6 10. Bg5 Qc7 11. h4 Bxd3+ 12. Qxd3 h6 13. Bxf6 Nxf6 14.
Ne5 Bd6 15. f4 Rd8 16. Rd1 c5 17. Ne4 Bxe5 18. fxe5 Rxd4 19. Nxf6+ gxf6 20. Qe2 Qxe5 21. Rxd4 Qxd4 22. Rh3 Ke7 23. Rd3 Qf4+ 24. Kg1 Rd8 25. Rxd8 Kxd8 26. Qh5 Qe3+ 27. Kh2 Qe5+ 28. Qxe5 fxe5 29.
Kg3 f5 0-1

[Event "*** SCC Grand Prix: Titled Tuesday Blitz"]
[Site "Chess.com"]
[Date "2020.08.25"]
[Round "6"]
[White "teacher4chess"]
[Black "kidagent"]
[Result "0-1"]
[WhiteElo "2032"]
[BlackElo "2255"]
[TimeControl "180+1"]
[EndTime "11:07:46 PDT"]
[Termination "kidagent won on time"]

1. d4 d5 2. Nf3 Nf6 3. g3 Bf5 4. Bg2 e6 5. O-O Nbd7 6. Nbd2 Be7 7. Nh4 Bg4 8. f3 Bh5 9. Nb3 c6 10. g4 Bg6 11. Nxg6 hxg6 12. Bf4 Qb6 13. a4 a5 14.
Kh1 c5 15. dxc5 Nxc5 16. Nxc5 Bxc5 17. Qd3 O-O 18. Qb5 Qxb5 19. axb5 Nd7 20. Rfd1 Rfc8 21.
c3 a4 22. e4 Nb6 23. Bf1 dxe4 24. fxe4 a3 25. bxa3 Rxa3 26. Rxa3 Bxa3 27. c4 Nxc4 28. Bxc4 Rxc4 29. Rd8+ Kh7 30. Rd7 Rxe4 31. Bg3 b6 32.
Rxf7 Bc5 33. Kg2 Rb4 34. h3 Kg8 35. Rb7 Rxb5 0-1

[Event "*** SCC Grand Prix: Titled Tuesday Blitz"]
[Site "Chess.com"]
[Date "2020.08.25"]
[Round "6"]
[White "Sophist4Life"]
[Black "tk22h"]
[Result "1-0"]
[WhiteElo "2447"]
[BlackElo "2293"]
[TimeControl "180+1"]
[EndTime "11:07:47 PDT"]
[Termination "Sophist4Life won by resignation"]

1. d4 Nf6 2. c4 c5 3. d5 e5 4. Nc3 d6 5. e4 Be7 6. g3 O-O 7. Bg2 Nbd7 8. Nf3 Ne8 9. O-O g6 10.
Ne1 Ng7 11. Nd3 f5 12. f4 Bf6 13. Qc2 a6 14. a4 b6 15. Be3 Qe7 16. Rae1 a5 17. Kh1 Ba6 18. b3 Rae8 19. Bd2 Bc8 20. Nb5 Nb8 21. fxe5 dxe5 22. Bc3 Nd7 23. Qb2 fxe4 24.
Rxe4 Nf5 25. Nc7 Nd4 26. Nxe8 Rxe8 27. Bxd4 cxd4 28. Ree1 Nc5 29. Nxc5 bxc5 30. Be4 Bg7 31. Qd2 Qc7 32. d6 Qb6 33. Bd5+ Kh8 34. Rf7 Qxd6 35. Qxa5 Be6 36. Bxe6 Qxe6 37. Qc7 Rc8 38. Qb7 Qc6+ 39.
Qxc6 Rxc6 40. Kg2 Kg8 41. Rb7 Rd6 42. a5 d3 43. Rb6 d2 44. Rd1 Rd7 45. a6 e4 46. Rb7 e3 47. Kf3 1-0

[Event "*** SCC Grand Prix: Titled Tuesday Blitz"]
[Site "Chess.com"]
[Date "2020.08.25"]
[Round "6"]
[White "garicradomir"]
[Black "Moon_stone123"]
[Result "1/2-1/2"]
[WhiteElo "2309"]
[BlackElo "2527"]
[TimeControl "180+1"]
[EndTime "11:07:49 PDT"]
[Termination "Game drawn by repetition"]

1. e4 c5 2. Nf3 d6 3. Be2 Nf6 4.
c3 g6 5. O-O Bg7 6. Bb5+ Bd7 7.
Bxd7+ Qxd7 8. Re1 O-O 9. d4 cxd4 10. cxd4 d5 11. e5 Ne4 12. Nbd2 Nxd2 13. Bxd2 Nc6 14. h4 h5 15. Rc1 Qg4 16. Bc3 e6 17.
Qb3 b6 18. Red1 Rfc8 19. Be1 Ne7 20. Rxc8+ Rxc8 21. Qa3 Nf5 22. Qxa7 Nxh4 23. Nxh4 Qxd1 24. Nf3 g5 25. Kh2 g4 26. Ng5 Rf8 27. Bb4 Qxd4 28. Bxf8 Qxe5+ 29. g3 Qxg5 30. Bxg7 Kxg7 31. Qxb6 Qd2 32.
a4 d4 33. Kg2 d3 34. Qd4+ f6 35. Qd7+ Kg6 36. Qxe6 Qe2 37. Qg8+ Kf5 38. Qd5+ Kg6 39. Qg8+ Kh6 40. Qh8+ Kg6 41. Qg8+ 1/2-1/2

[Event "*** SCC Grand Prix: Titled Tuesday Blitz"]
[Site "Chess.com"]
[Date "2020.08.25"]
[Round "6"]
[White "szachuspl"]
[Black "freshfoodcompany"]
[Result "1-0"]
[WhiteElo "2511"]
[BlackElo "2356"]
[TimeControl "180+1"]
[EndTime "11:07:49 PDT"]
[Termination "szachuspl won by resignation"]

1. d4 d5 2. c4 e6 3. Nc3 Be7 4. Nf3 Nf6 5. Bf4 O-O 6. e3 c5 7. dxc5 dxc4 8. Qxd8 Rxd8 9. Bxc4 Bxc5 10. O-O a6 11. Rac1 b5 12. Be2 Be7 13. Rfd1 Nbd7 14. Bc7 Re8 15. Nd4 Bb7 16. Bf3 Bxf3 17. gxf3 Rac8 18. Ba5 Bd8 19. Bxd8 Rexd8 20. Ne4 Nxe4 21. fxe4 Ne5 22. Kg2 g6 23. b3 Kg7 24. f4 Ng4 25. Kf3 Nf6 26. e5 Nd5 27. Nc6 Rd7 28. Nd4 Rdc7 29.
Rxc7 Rxc7 30. h4 h5 31. Rd2 Rc3 32. Re2 Rd3 33. Nc6 Nc3 34. Rg2 Nd5 35. Re2 Nc3 36.
Re1 Nxa2 37. Ra1 Nc3 38. Nb4 Rd2 39. Rxa6 Rb2 40. Nd3 Rxb3 41. Nc5 Rb2 42. Ra7 Kf8 43. Nd7+ Kg7 44. Nf6 Nd5 45. Nxd5 exd5 46. e6 b4 47. e7 1-0

[Event "*** SCC Grand Prix: Titled Tuesday Blitz"]
[Site "Chess.com"]
[Date "2020.08.25"]
[Round "6"]
[White "David_Paravyan"]
[Black "BillieKimbah"]
[Result "0-1"]
[WhiteElo "2976"]
[BlackElo "2896"]
[TimeControl "180+1"]
[EndTime "11:07:50 PDT"]
[Termination "BillieKimbah won by resignation"]

1. d4 Nf6 2. c4 e6 3. Nf3 d5 4.
Nc3 Bb4 5. Bg5 Nbd7 6. e3 c5 7. cxd5 exd5 8. Bd3 c4 9. Bf5 Qa5 10. O-O Bxc3 11. bxc3 O-O 12. Qc2 Re8 13. a4 Ne4 14.
Rfb1 Nb6 15. Bxe4 dxe4 16. Rb5 Qa6 17. Nd2 Bd7 18. Qb1 Rac8 19. Nxe4 Nxa4 20. Rxb7 Bc6 21. Nd6 Bxb7 22. Qxb7 Qxd6 23. Bf4 Qb6 24. Qd7 Nxc3 25. h4 Ne2+ 0-1

[Event "*** SCC Grand Prix: Titled Tuesday Blitz"]
[Site "Chess.com"]
[Date "2020.08.25"]
[Round "6"]
[White "chenxiaoyuer"]
[Black "Maksimus1998"]
[Result "0-1"]
[WhiteElo "2433"]
[BlackElo "2601"]
[TimeControl "180+1"]
[EndTime "11:07:50 PDT"]
[Termination "Maksimus1998 won by resignation"]

1. e4 c5 2. Nf3 d6 3. d4 cxd4 4.
Nxd4 Nf6 5. Nc3 Bd7 6. Be2 e6 7. O-O Nc6 8. Be3 Nxd4 9. Qxd4 e5 10.
Qd3 Be7 11. f4 Bc6 12. Kh1 a6 13. a4 O-O 14. Bf3 Rc8 15. f5 b5 16. axb5 axb5 17.
Nxb5 Bxb5 18. Qxb5 Rxc2 19. Ra7 d5 20. exd5 e4 21.
Bd1 Rc8 22. Bb3 Rb8 23. Rb7 Bd6 24. Ra1 Bxh2 25. Rxb8 Bxb8 26. Qc6 Ng4 27. Bc5 Qh4+ 28. Kg1 e3 29. Bxf8 Bh2+ 0-1

[Event "*** SCC Grand Prix: Titled Tuesday Blitz"]
[Site "Chess.com"]
[Date "2020.08.25"]
[Round "6"]
[White "Eliwood44"]
[Black "phoenix_sjh"]
[Result "0-1"]
[WhiteElo "2376"]
[BlackElo "2531"]
[TimeControl "180+1"]
[EndTime "11:07:50 PDT"]
[Termination "phoenix_sjh won by resignation"]

1. d4 Nf6 2. Nf3 d5 3. c4 c6 4. Qc2 g6 5. Bf4 Bf5 6. Qb3 Qb6 7. e3 Na6 8. c5 Qxb3 9. axb3 Nb4 10. Ra4 Nc2+ 11.
Kd2 Ne4+ 12. Kxc2 Nxf2+ 13. Kc1 Nxh1 14. b4 Nf2 15. b5 Bd3 16. bxc6 bxc6 17. Bxd3 Nxd3+ 18.
Kd2 Nxf4 19. exf4 Bg7 20. Ra6 Kd7 21. b4 Rhb8 22. Kc3 f6 23. Nbd2 Rb7 24. Nb3 Rab8 25. Na5 Rxb4 26. Rxa7+ Ke8 27. Rxe7+ Kxe7 28. Nxc6+ Ke6 29.
Nxb4 Ra8 30. Kb3 Bf8 31. g4 h5 32. h3 Be7 33. f5+ gxf5 34. gxf5+ Kxf5 35. Nxd5 Bd8 36. Nc3 Kf4 37. Nd2 Kg3 38. d5 Kxh3 39. d6 Kg2 40.
Nd5 h4 41. Nf4+ Kg3 42. Ne2+ Kf2 43. Nf4 Ke3 44. Ng2+ Kxd2 45. Nxh4 Kd3 46. c6 Ke4 47.
Kc4 Ke5 48. Kc5 Ra5+ 49. Kb4 Kxd6 50. Nf5+ Kxc6 0-1

[Event "*** SCC Grand Prix: Titled Tuesday Blitz"]
[Site "Chess.com"]
[Date "2020.08.25"]
[Round "6"]
[White "karinachess1"]
[Black "Manukyan_Artak"]
[Result "1-0"]
[WhiteElo "2485"]
[BlackElo "2326"]
[TimeControl "180+1"]
[EndTime "11:07:50 PDT"]
[Termination "karinachess1 won by checkmate"]

1. e4 c6 2. d4 d5 3. exd5 cxd5 4. Nf3 Nc6 5. Ne5 Bd7 6. Nxd7 Qxd7 7. Bb5 e6 8. c3 Bd6 9. O-O Nge7 10. Nd2 a6 11.
Bd3 Ng6 12. Nf3 O-O 13. Re1 Rae8 14. Bd2 f5 15. c4 Nf4 16. Bf1 Qf7 17. Ne5 Bxe5 18.
dxe5 Ng6 19. cxd5 exd5 20. f4 Qe6 21. Rc1 Rf7 22. Qf3 Rd7 23. Qf2 Nf8 24. Bd3 g6 25. b4 Rc8 26. a4 Rdc7 27. b5 axb5 28. axb5 Ne7 29. Rxc7 Rxc7 30. Qd4 Qd7 31. e6 Nxe6 32.
Qe5 Nc5 33. Bc3 d4 34. Bc4+ Nd5 35. Bxd5+ Kf8 36. Qh8# 1-0

[Event "*** SCC Grand Prix: Titled Tuesday Blitz"]
[Site "Chess.com"]
[Date "2020.08.25"]
[Round "6"]
[White "mattcolins2025"]
[Black "Vuk2000"]
[Result "0-1"]
[WhiteElo "2476"]
[BlackElo "2734"]
[TimeControl "180+1"]
[EndTime "11:07:56 PDT"]
[Termination "Vuk2000 won by checkmate"]

1. d4 e6 2. c4 Nf6 3. Nc3 Bb4 4. Qc2 O-O 5. a3 Bxc3+ 6. Qxc3 Ne4 7. Qc2 f5 8. Nh3 d6 9. f3 Nf6 10. e3 e5 11. d5 f4 12. Nf2 fxe3 13. Bxe3 c6 14. dxc6 Nxc6 15. O-O-O Be6 16. Bd3 Rc8 17. Kb1 d5 18. cxd5 Nd4 19. Bxd4 Rxc2 20. Bxc2 Qxd5 21. Bc3 Qa2+ 22. Kc1 Rc8 23. Rhe1 Nd5 24. Ne4 Bf5 25.
Bb1 Qb3 26. Bc2 Rxc3 27. bxc3 Qxa3+ 28. Kd2 Bxe4 29. Rxe4 Qxc3+ 30. Kc1 Qa3+ 31. Kd2 Qa5+ 32. Kc1 Nc3 33. Bb3+ Kf8 34. Rd3 Nxe4 35. fxe4 Qe1+ 36. Kb2 Qe2+ 37. Kc3 Qe1+ 38. Kb2 Qxe4 39. Rf3+ Ke7 40. Rf7+ Kd6 41. Rxg7 a5 42. Bc2 Qb4+ 43. Kc1 a4 44. Rxh7 a3 45. Rh6+ Kc5 46. Rh5 Qe1+ 47. Bd1 Qc3+ 48.
Bc2 a2 49. Rxe5+ Qxe5 50. Kd2 a1=Q 51. g4 Qac3+ 52. Kd1 Qee1# 0-1

[Event "*** SCC Grand Prix: Titled Tuesday Blitz"]
[Site "Chess.com"]
[Date "2020.08.25"]
[Round "6"]
[White "VMikhalevski"]
[Black "brute4ever"]
[Result "1-0"]
[WhiteElo "2721"]
[BlackElo "2496"]
[TimeControl "180+1"]
[EndTime "11:07:57 PDT"]
[Termination "VMikhalevski won by checkmate"]

1. Nf3 d5 2. g3 c6 3. Bg2 Nf6 4. c4 Bg4 5. O-O e6 6. d3 Nbd7 7. cxd5 exd5 8. h3 Bxf3 9. Bxf3 Bd6 10. e4 O-O 11. Nc3 dxe4 12. dxe4 Ne5 13. Be2 Qc7 14. Kg2 Rad8 15. Qc2 Bb4 16. Bg5 Ned7 17. Rae1 Rfe8 18. Bc4 Qa5 19. Bd2 Ne5 20. Be2 Rxd2 21. Qxd2 Nxe4 22. Qe3 Nxc3 23. bxc3 Bxc3 24. Rd1 Kf8 25.
a4 a6 26. Qe4 g6 27. h4 h5 28. Qc2 c5 29. Rd5 Bd4 30. Rb1 Re7 31. Qd1 Qc7 32. Rxd4 cxd4 33. Qxd4 Nc6 34. Qh8# 1-0

[Event "*** SCC Grand Prix: Titled Tuesday Blitz"]
[Site "Chess.com"]
[Date "2020.08.25"]
[Round "6"]
[White "Balla_Tamas"]
[Black "Mikhail_Golubev"]
[Result "0-1"]
[WhiteElo "2454"]
[BlackElo "2628"]
[TimeControl "180+1"]
[EndTime "11:07:59 PDT"]
[Termination "Mikhail_Golubev won by resignation"]

1. e4 c5 2. d3 g6 3. g3 Bg7 4.
Bg2 e6 5. f4 Ne7 6. Nf3 O-O 7.
O-O d5 8. c3 Nbc6 9. Qe2 b5 10.
a4 b4 11. e5 bxc3 12. bxc3 Ba6 13. Be3 d4 14. cxd4 cxd4 15. Bf2 Nb4 16. Rd1 Nf5 17.
Na3 Rc8 18. g4 Ne3 19. Bxe3 dxe3 20. Qxe3 Rc3 21. Qxa7 Bxd3 22. Nb5 Rc2 23. Qe3 Nd5 24. Qd4 Bxb5 25. axb5 Qb8 26. Ne1 Rcc8 27. Bxd5 exd5 28. Qxd5 Rfd8 29. Qb3 Qb6+ 30. Kf1 Bf8 31. Rxd8 Rxd8 32. Ra6 Qb7 33. Nf3 Qe4 34. Rf6 Rd7 35. e6 Rd3 36. exf7+ Kh8 37. Qxd3 Qxd3+ 38. Kg2 Qxb5 39. Re6 Kg7 40. Ne5 Qd5+ 41. Kg3 Qxe6 42. h4 Bd6 43. Nf3 Qe3 0-1

[Event "*** SCC Grand Prix: Titled Tuesday Blitz"]
[Site "Chess.com"]
[Date "2020.08.25"]
[Round "6"]
[White "x-6099009240"]
[Black "salomez"]
[Result "0-1"]
[WhiteElo "2400"]
[BlackElo "2235"]
[TimeControl "180+1"]
[EndTime "11:07:59 PDT"]
[Termination "salomez won by checkmate"]

1. e4 c5 2. Nf3 e6 3. d4 cxd4 4. Nxd4 Nf6 5. Nc3 Nc6 6. Ndb5 d6 7. Bf4 e5 8. Bg5 a6 9. Na3 b5 10. Nd5 Be7 11. Bxf6 Bxf6 12. c4 b4 13. Nc2 O-O 14.
g3 a5 15. Bg2 Bg5 16. h4 Bh6 17. O-O g6 18. b3 Be6 19. Qd3 Nb8 20. Rad1 Na6 21.
Nde3 Nc5 22. Qxd6 Qxd6 23. Rxd6 a4 24. Rb1 Rfb8 25. Rc6 axb3 26. axb3 Bf8 27. Nd5 Ra3 28. Nxa3 bxa3 29. b4 Nd3 30. Ra1 Nxb4 31. Nxb4 Bxb4 32.
Bf1 Ra8 33. Rb6 Bc5 34. Ra2 Bxb6 35. Kg2 Bc5 36. f4 exf4 37. gxf4 Rb8 38. Kf3 Rb2 39. Ra1 a2 40. Bd3 f5 41. exf5 Bxf5 42. Bxf5 gxf5 43. Rg1+ Kf7 44. h5 Rb1 45. Rg5 a1=Q 46. Rxf5+ Ke6 47. Rxc5 Kd6 48. Re5 Qa3+ 49. Re3 Rb3 50. Rxb3 Qxb3+ 51. Kg4 Qxc4 52. Kg5 Ke7 53. Kh6 Kf8 54. Kxh7 Kf7 55. h6 Qxf4 56. Kh8 Qxh6# 0-1

[Event "*** SCC Grand Prix: Titled Tuesday Blitz"]
[Site "Chess.com"]
[Date "2020.08.25"]
[Round "6"]
[White "hellokostya"]
[Black "Legendinunknown"]
[Result "0-1"]
[WhiteElo "2473"]
[BlackElo "2661"]
[TimeControl "180+1"]
[EndTime "11:08:03 PDT"]
[Termination "Legendinunknown won on time"]

1. d4 Nf6 2. c4 e5 3. dxe5 Ng4 4.
Nc3 Nxe5 5. e3 Nbc6 6. a3 d6 7.
f4 Ng4 8. Nf3 g6 9. h3 Nh6 10.
g4 Bg7 11. Bg2 O-O 12. O-O f5 13. g5 Nf7 14. Nd5 h6 15. h4 Be6 16. Rb1 Qd7 17. b4 Rae8 18. Bb2 Bxd5 19. Bxg7 Kxg7 20. cxd5 Ncd8 21.
Qd4+ Kg8 22. Qxa7 b6 23. Rbc1 Re7 24. Nd4 Qe8 25. Ne6 Nxe6 26. dxe6 Rxe6 27. Rxc7 Rxe3 28. Bd5 Rg3+ 29. Kh2 Qe3 30. Bg2 Rg4 31. Qb7 Qg3+ 32. Kg1 Qxh4 33. Rf2 hxg5 34. Rxf7 Rxf7 35. Qa8+ Kg7 36.
Re2 gxf4 37. Re8 Qh7 38. Rg8+ Qxg8 0-1

[Event "*** SCC Grand Prix: Titled Tuesday Blitz"]
[Site "Chess.com"]
[Date "2020.08.25"]
[Round "6"]
[White "ChessSwole"]
[Black "Anton_Zhukov04"]
[Result "1-0"]
[WhiteElo "2439"]
[BlackElo "2220"]
[TimeControl "180+1"]
[EndTime "11:08:03 PDT"]
[Termination "ChessSwole won by resignation"]

1. d4 Nf6 2. Bf4 c5 3. d5 g6 4. Nc3 Bg7 5. e4 O-O 6. h3 d6 7.
Nf3 a6 8. a4 e6 9. dxe6 Bxe6 10. Bxd6 Re8 11. Bxc5 Nbd7 12. Bd4 Nxe4 13. Nxe4 Bf5 14.
Bxg7 Bxe4 15. Be2 Bxf3 16. gxf3 Kxg7 17. Qd4+ Kg8 18. O-O-O Rxe2 19. Qxd7 Qb6 20. Rd2 Rxd2 21. Qxd2 Qc6 22. Qf4 b5 23. Qe4 Qc8 24. h4 h5 25.
Rd1 bxa4 26. Qxa4 Qf5 27. Qe4 Qc8 28. Rd6 Rb8 29. Qd4 a5 30. Qd5 Qe8 31. Rxg6+ Kf8 32.
Qd6+ Qe7 33. Qxb8+ Qe8 34. Rg8+ Ke7 35. Qxe8+ 1-0

[Event "*** SCC Grand Prix: Titled Tuesday Blitz"]
[Site "Chess.com"]
[Date "2020.08.25"]
[Round "6"]
[White "MF1966Idrisov"]
[Black "Morshynska"]
[Result "1-0"]
[WhiteElo "2358"]
[BlackElo "2183"]
[TimeControl "180+1"]
[EndTime "11:08:03 PDT"]
[Termination "MF1966Idrisov won on time"]

1. Nf3 d5 2. b3 Nf6 3. Bb2 Bf5 4.
e3 e6 5. d4 Bd6 6. Bd3 O-O 7.
O-O Nbd7 8. Nbd2 Qe7 9. Ne5 Ba3 10. Qc1 Bxb2 11. Qxb2 Nxe5 12. dxe5 Nd7 13. f4 f6 14.
Nf3 Rae8 15. Rae1 Nc5 16. Qd4 b6 17. Bxf5 exf5 18. Qxd5+ Kh8 19. exf6 Rxf6 20. Ne5 Rd8 21. Qc4 Qe8 22. Rd1 Rdd6 23. Rd4 h6 24. Rfd1 Kh7 25.
b4 Ne4 26. Qxc7 Rxd4 27. Rxd4 Qh5 28. Rd7 Rg6 29. Nxg6 Qxg6 30. Rd1 h5 31. Qd7 h4 32.
Rd5 1-0